[ AOE2 MATCH · #480239356 ]
Team RMBurgundians vs Italians
[ REPLAY ANALYSIS · EXTRACTED FROM THE RECORDED GAME ]
Feudal
12:00
Castle
15:55
Imperial
30:26
| APM avg | 18.8 |
| APM peak | 53 |
| eAPM avg | 13.6 |
| Villagers / military | 106 / 298 |
Focus
⚔️ 36.4% · 🌾 63.6%
Hand Cannoneer ×211 · Spearman ×45 · Skirmisher ×10 · Mangonel ×9 · Scout Cavalry ×8 · Bombard Cannon ×7
Feudal
9:10
Castle
18:52
Imperial
33:46
| APM avg | 21.3 |
| APM peak | 55 |
| eAPM avg | 16.5 |
| Villagers / military | 128 / 171 |
Focus
⚔️ 34.4% · 🌾 65.6%
Scorpion ×59 · Spearman ×44 · Scout Cavalry ×44 · Trebuchet (Packed) ×10 · Mangonel ×6 · Monk ×5
Feudal
11:57
Castle
15:41
Imperial
30:56
| APM avg | 25.4 |
| APM peak | 69 |
| eAPM avg | 14.1 |
| Villagers / military | 114 / 113 |
Focus
⚔️ 30.2% · 🌾 69.8%
Knight ×39 · Hand Cannoneer ×31 · Scorpion ×22 · Bombard Cannon ×11 · Trebuchet (Packed) ×8 · Mangonel ×2
Feudal
9:23
Castle
16:01
Imperial
31:41
| APM avg | 31.1 |
| APM peak | 70 |
| eAPM avg | 16.7 |
| Villagers / military | 132 / 189 |
Focus
⚔️ 28.1% · 🌾 71.9%
Skirmisher ×166 · Genoese Crossbowman ×10 · Bombard Cannon ×7 · Spearman ×3 · Monk ×2 · Trebuchet (Packed) ×1
Match map
Initial resources + every placement click. Lines = walls · curves = elevation contours. ◆ gold · ⬟ stone · ● berries · ✦ relic · ◌ wall gap
Your base· ✓ Closed at 15:55 · 0t walls · 3 gate(s)
CAPITÁN PERRO's base· ✓ Closed at 18:52 · 0t walls · 5 gate(s)
mat.2bk's base· ✓ Closed at 15:41 · 0t walls · 3 gate(s)
JOAKING's base· ✓ Closed at 16:01 · 0t walls · 3 gate(s)
Smoothed initial terrain · ◌ = detected wall gap · hover for details
Inputs per minute
— CryAndDie - - CAPITÁN PERRO
Build order — CryAndDie
First 150 of 331 actions detected
| 0:01 | Create | Villager (Male) |
| 0:01 | Create | Villager (Male) |
| 0:01 | Create | Villager (Male) |
| 0:02 | Create | Villager (Male) |
| 0:03 | Build | House |
| 0:06 | Build | House |
| 1:26 | Create | Villager (Male) |
| 1:55 | Build | Lumber Camp |
| 2:04 | Create | Villager (Male) |
| 2:28 | Create | Villager (Male) |
| 2:51 | Create | Villager (Male) |
| 3:16 | Create | Villager (Male) |
| 3:16 | Create | Villager (Male) |
| 3:49 | Create | Villager (Male) |
| 3:49 | Create | Villager (Male) |
| 3:53 | Build | House |
| 3:55 | Build | House |
| 3:56 | Build | House |
| 4:17 | Create | Villager (Male) |
| 4:17 | Create | Villager (Male) |
| 4:30 | Create | Villager (Male) |
| 4:40 | Build | Mill |
| 4:50 | Create | Villager (Male) |
| 4:51 | Create | Villager (Male) |
| 5:18 | Create | Villager (Male) |
| 5:18 | Create | Villager (Male) |
| 5:38 | Create | Villager (Male) |
| 5:38 | Create | Villager (Male) |
| 5:53 | Build | Farm |
| 6:04 | Research | Double-Bit Axe |
| 6:26 | Build | Farm |
| 6:30 | Create | Villager (Male) |
| 6:30 | Create | Villager (Male) |
| 6:30 | Create | Villager (Male) |
| 6:56 | Create | Villager (Male) |
| 6:57 | Create | Villager (Male) |
| 7:32 | Create | Villager (Male) |
| 7:32 | Create | Villager (Male) |
| 7:33 | Create | Villager (Male) |
| 7:33 | Create | Villager (Male) |
| 8:35 | Create | Villager (Male) |
| 9:12 | Build | Mining Camp |
| 9:27 | Research | Feudal Age |
| 10:00 | Build | Mill |
| 10:09 | Build | Barracks |
| 10:11 | Build | House |
| 10:35 | Create | Villager (Male) |
| 10:35 | Create | Villager (Male) |
| 10:35 | Create | Villager (Male) |
| 12:00 | Age | Feudal Age |
| 12:03 | Build | Archery Range |
| 12:08 | Build | Stable |
| 13:07 | Research | Castle Age |
| 13:30 | Research | Horse Collar |
| 13:30 | Research | Horse Collar |
| 13:52 | Research | Heavy Plow |
| 14:33 | Build | Farm |
| 14:35 | Build | Farm |
| 14:37 | Build | Farm |
| 14:44 | Build | Farm |
| 14:45 | Build | Farm |
| 14:47 | Build | Farm |
| 14:48 | Build | Farm |
| 15:00 | Research | Stone Mining |
| 15:03 | Research | Wheelbarrow |
| 15:55 | Age | Castle Age |
| 16:00 | Build | Town Center |
| 16:08 | Build | Town Center |
| 16:21 | Research | Town Watch |
| 16:29 | Build | Farm |
| 16:38 | Build | Farm |
| 16:41 | Build | Farm |
| 16:51 | Build | Farm |
| 17:15 | Create | Villager (Male) |
| 17:16 | Create | Villager (Male) |
| 17:16 | Create | Villager (Male) |
| 17:21 | Create | Villager (Male) |
| 17:24 | Build | Farm |
| 17:27 | Create | Villager (Male) |
| 17:41 | Create | Villager (Male) |
| 17:42 | Create | Villager (Male) |
| 17:42 | Create | Villager (Male) |
| 17:49 | Build | Farm |
| 18:23 | Create | Villager (Male) |
| 18:23 | Create | Villager (Male) |
| 18:47 | Build | Town Center |
| 18:48 | Create | Villager (Male) ×5 |
| 18:54 | Build | House |
| 18:56 | Build | House |
| 18:57 | Build | House |
| 19:01 | Build | House |
| 19:01 | Build | House |
| 19:01 | Build | House |
| 19:02 | Build | House |
| 19:02 | Build | House |
| 19:03 | Build | House |
| 19:03 | Build | House |
| 19:04 | Build | House |
| 19:14 | Create | Villager (Male) ×3 |
| 19:36 | Build | House |
| 19:37 | Build | House |
| 19:39 | Build | House |
| 19:44 | Create | Villager (Male) ×4 |
| 19:51 | Build | Farm |
| 19:52 | Build | Farm |
| 19:53 | Build | Farm |
| 19:59 | Build | Farm |
| 20:18 | Create | Villager (Male) ×3 |
| 20:21 | Create | Villager (Male) |
| 20:28 | Build | Farm |
| 20:29 | Create | Villager (Male) |
| 20:34 | Build | Farm |
| 20:38 | Build | Farm |
| 20:56 | Build | Town Center |
| 20:58 | Create | Villager (Male) ×3 |
| 21:16 | Create | Villager (Male) ×3 |
| 21:27 | Build | Monastery |
| 21:34 | Build | House |
| 21:34 | Build | House |
| 21:34 | Build | House |
| 21:35 | Build | House |
| 21:35 | Build | House |
| 21:37 | Create | Villager (Male) ×4 |
| 21:42 | Research | Gold Mining |
| 21:49 | Build | Farm |
| 21:58 | Build | Lumber Camp |
| 21:59 | Create | Villager (Male) |
| 22:05 | Create | Villager (Male) |
| 22:06 | Create | Villager (Male) |
| 22:10 | Build | Farm |
| 22:13 | Create | Monk |
| 22:19 | Create | Villager (Male) ×3 |
| 22:32 | Build | Mill |
| 22:34 | Build | Farm |
| 22:34 | Build | Farm |
| 22:36 | Build | Farm |
| 22:37 | Create | Villager (Male) |
| 22:56 | Create | Villager (Male) ×5 |
| 22:59 | Create | Villager (Male) |
| 23:04 | Build | Farm |
| 23:06 | Build | Farm |
| 23:08 | Build | Farm |
| 23:09 | Create | Villager (Male) |
| 23:23 | Create | Villager (Male) ×3 |
| 23:43 | Build | House |
| 23:43 | Build | House |
| 23:44 | Build | House |
| 23:44 | Build | House |
| 23:44 | Build | House |
| 23:46 | Create | Villager (Male) ×3 |
Build order — CAPITÁN PERRO
First 150 of 420 actions detected
| 0:01 | Create | Villager (Male) |
| 0:02 | Research | Loom |
| 0:02 | Create | Villager (Male) |
| 0:02 | Create | Villager (Male) |
| 0:02 | Create | Villager (Male) |
| 0:03 | Create | Villager (Male) |
| 0:10 | Build | House |
| 0:22 | Build | House |
| 1:07 | Build | House |
| 1:08 | Build | House |
| 1:10 | Build | House |
| 1:51 | Create | Villager (Male) |
| 2:16 | Create | Villager (Male) |
| 2:53 | Create | Villager (Male) |
| 3:13 | Create | Villager (Male) |
| 3:53 | Create | Villager (Male) |
| 4:22 | Create | Villager (Male) |
| 4:41 | Create | Villager (Male) |
| 4:41 | Create | Villager (Male) |
| 4:42 | Create | Villager (Male) |
| 4:54 | Build | Mill |
| 5:28 | Create | Villager (Male) |
| 6:10 | Create | Villager (Male) |
| 7:00 | Research | Feudal Age |
| 8:36 | Build | Mining Camp |
| 9:05 | Create | Villager (Male) |
| 9:10 | Age | Feudal Age |
| 9:13 | Research | Wheelbarrow |
| 9:15 | Research | Horse Collar |
| 9:49 | Build | Lumber Camp |
| 10:02 | Build | House |
| 10:05 | Build | House |
| 10:11 | Build | House |
| 10:21 | Research | Double-Bit Axe |
| 10:32 | Research | Town Watch |
| 10:33 | Research | Town Watch |
| 10:33 | Create | Villager (Male) |
| 10:34 | Create | Villager (Male) |
| 10:53 | Build | Gate |
| 10:59 | Build | House |
| 11:02 | Create | Villager (Male) |
| 11:14 | Build | Farm |
| 11:21 | Build | Farm |
| 11:27 | Create | Villager (Male) |
| 11:32 | Build | Farm |
| 11:52 | Build | Farm |
| 11:54 | Create | Villager (Male) |
| 12:17 | Build | Farm |
| 12:46 | Build | Farm |
| 12:46 | Create | Villager (Male) |
| 13:07 | Build | Farm |
| 13:27 | Build | Farm |
| 13:33 | Build | Farm |
| 13:38 | Create | Villager (Male) |
| 13:52 | Create | Villager (Male) |
| 14:10 | Build | Farm |
| 14:33 | Build | Farm |
| 14:34 | Create | Villager (Male) |
| 15:01 | Build | Mining Camp |
| 15:09 | Create | Villager (Male) |
| 15:16 | Build | Market |
| 15:32 | Create | Villager (Male) |
| 15:54 | Build | House |
| 15:59 | Build | House |
| 16:00 | Build | House |
| 16:12 | Research | Castle Age |
| 16:12 | Research | Castle Age |
| 16:41 | Build | Blacksmith |
| 16:59 | Research | Stone Mining |
| 16:59 | Research | Gold Mining |
| 17:28 | Build | Stable |
| 17:38 | Build | Gate |
| 17:47 | Research | Scale Barding Armor |
| 17:47 | Research | Scale Barding Armor |
| 18:40 | Create | Villager (Male) |
| 18:52 | Age | Castle Age |
| 18:57 | Build | Town Center |
| 18:59 | Research | Hand Cart |
| 19:07 | Create | Knight |
| 19:25 | Create | Villager (Male) |
| 19:43 | Create | Villager (Male) |
| 19:44 | Create | Villager (Male) |
| 19:44 | Create | Villager (Male) |
| 20:13 | Create | Villager (Male) |
| 20:13 | Create | Villager (Male) |
| 20:33 | Build | Monastery |
| 20:37 | Create | Villager (Male) |
| 21:07 | Create | Villager (Male) |
| 21:08 | Create | Villager (Male) |
| 21:27 | Build | Town Center |
| 21:34 | Create | Monk |
| 21:51 | Create | Villager (Male) |
| 21:52 | Create | Villager (Male) |
| 21:54 | Research | Heavy Plow |
| 21:58 | Create | Villager (Male) |
| 22:09 | Build | House |
| 22:09 | Build | House |
| 22:12 | Create | Monk |
| 22:20 | Build | Farm |
| 22:27 | Create | Monk |
| 22:34 | Create | Villager (Male) |
| 22:35 | Create | Villager (Male) |
| 22:35 | Create | Villager (Male) |
| 22:36 | Create | Villager (Male) |
| 22:36 | Create | Villager (Male) |
| 22:49 | Create | Villager (Male) |
| 22:50 | Create | Villager (Male) |
| 23:15 | Create | Villager (Male) |
| 23:16 | Create | Villager (Male) |
| 23:50 | Create | Villager (Male) |
| 23:50 | Create | Villager (Male) |
| 23:50 | Create | Villager (Male) |
| 23:51 | Create | Villager (Male) |
| 23:59 | Build | Farm |
| 24:00 | Build | Farm |
| 24:02 | Build | Farm |
| 24:03 | Build | Farm |
| 24:04 | Build | Farm |
| 24:05 | Build | Farm |
| 24:37 | Create | Villager (Male) |
| 24:37 | Create | Villager (Male) |
| 24:37 | Create | Villager (Male) |
| 24:37 | Create | Villager (Male) |
| 24:59 | Create | Knight |
| 24:59 | Create | Knight |
| 25:04 | Create | Villager (Male) |
| 25:04 | Create | Villager (Male) |
| 25:11 | Build | Monastery |
| 25:26 | Create | Villager (Male) |
| 25:26 | Create | Villager (Male) |
| 25:26 | Create | Villager (Male) |
| 26:01 | Build | Town Center |
| 26:07 | Build | House |
| 26:07 | Build | House |
| 26:11 | Research | Bow Saw |
| 26:13 | Create | Villager (Male) |
| 26:13 | Create | Villager (Male) |
| 26:13 | Create | Villager (Male) |
| 26:14 | Create | Villager (Male) |
| 26:34 | Create | Villager (Male) |
| 26:34 | Create | Villager (Male) |
| 26:35 | Create | Villager (Male) |
| 26:35 | Create | Villager (Male) |
| 26:44 | Build | Town Center |
| 27:03 | Create | Villager (Male) |
| 27:03 | Create | Villager (Male) |
| 27:06 | Create | Villager (Male) |
| 27:06 | Create | Villager (Male) |
| 27:08 | Create | Villager (Male) |
| 27:08 | Create | Villager (Male) |
Build order — mat.2bk
First 150 of 215 actions detected
| 0:01 | Create | Villager (Male) ×4 |
| 0:03 | Build | House |
| 0:05 | Build | House |
| 0:38 | Build | House |
| 1:39 | Create | Villager (Male) |
| 1:53 | Build | Lumber Camp |
| 2:12 | Create | Villager (Male) |
| 3:28 | Create | Villager (Male) ×3 |
| 4:29 | Create | Villager (Male) ×2 |
| 5:37 | Create | Villager (Male) ×2 |
| 5:54 | Create | Villager (Male) |
| 6:13 | Create | Villager (Male) ×2 |
| 6:39 | Build | House |
| 7:12 | Create | Villager (Male) |
| 7:19 | Build | Mill |
| 7:26 | Create | Villager (Male) ×5 |
| 8:20 | Build | Mill |
| 9:04 | Build | Mining Camp |
| 9:28 | Research | Feudal Age |
| 10:39 | Build | House |
| 10:46 | Build | House |
| 10:56 | Create | Villager (Male) |
| 10:57 | Create | Villager (Male) |
| 11:57 | Age | Feudal Age |
| 12:08 | Build | Blacksmith |
| 12:20 | Build | Market |
| 12:51 | Create | Villager (Male) |
| 13:01 | Research | Castle Age |
| 13:02 | Research | Castle Age |
| 13:10 | Build | Farm |
| 13:13 | Build | Farm |
| 13:14 | Build | Farm |
| 13:24 | Build | Farm |
| 14:36 | Build | Farm |
| 14:43 | Research | Double-Bit Axe |
| 14:54 | Build | Farm |
| 14:55 | Build | Farm |
| 14:57 | Build | Farm |
| 15:02 | Build | Farm |
| 15:31 | Build | Mining Camp |
| 15:41 | Age | Castle Age |
| 15:54 | Create | Villager (Male) ×5 |
| 16:32 | Create | Villager (Male) ×5 |
| 16:47 | Build | Town Center |
| 17:02 | Build | House |
| 17:37 | Create | Villager (Male) |
| 17:43 | Create | Villager (Male) |
| 17:48 | Research | Bow Saw |
| 17:57 | Build | House |
| 18:14 | Research | Stone Mining |
| 18:14 | Research | Stone Mining |
| 18:21 | Create | Villager (Male) |
| 18:24 | Research | Wheelbarrow |
| 18:28 | Create | Villager (Male) |
| 18:36 | Build | Farm |
| 19:03 | Create | Villager (Male) |
| 19:08 | Create | Villager (Male) |
| 19:17 | Build | Siege Workshop |
| 19:29 | Create | Villager (Male) ×2 |
| 19:36 | Build | Farm |
| 19:40 | Build | Farm |
| 19:47 | Build | Farm |
| 20:05 | Build | Castle |
| 20:17 | Build | Castle |
| 20:28 | Create | Villager (Male) |
| 20:30 | Create | Villager (Male) |
| 20:39 | Build | Farm |
| 20:41 | Create | Villager (Male) |
| 20:43 | Create | Villager (Male) |
| 20:55 | Build | House |
| 20:57 | Build | House |
| 20:58 | Build | House |
| 21:03 | Create | Mangonel |
| 21:10 | Research | Gold Mining |
| 21:14 | Build | Farm |
| 21:15 | Create | Villager (Male) |
| 21:24 | Build | Farm |
| 21:36 | Build | Farm |
| 21:42 | Build | House |
| 21:44 | Build | House |
| 21:59 | Build | Farm |
| 22:00 | Build | Farm |
| 22:14 | Create | Mangonel |
| 22:27 | Create | Villager (Male) ×5 |
| 22:37 | Build | Farm |
| 22:40 | Research | Hand Cart |
| 22:42 | Create | Villager (Male) ×2 |
| 22:54 | Create | Villager (Male) |
| 23:05 | Build | Farm |
| 23:21 | Create | Villager (Male) ×4 |
| 23:27 | Build | Lumber Camp |
| 23:38 | Build | House |
| 23:40 | Build | House |
| 23:49 | Create | Villager (Male) ×3 |
| 23:54 | Create | Villager (Male) ×2 |
| 23:57 | Create | Villager (Male) ×3 |
| 24:06 | Build | Barracks |
| 24:40 | Build | University |
| 24:44 | Build | Farm |
| 25:00 | Create | Villager (Male) ×5 |
| 25:11 | Build | House |
| 25:12 | Build | House |
| 25:13 | Build | House |
| 25:14 | Build | House |
| 25:15 | Build | House |
| 25:27 | Create | Villager (Male) ×5 |
| 25:30 | Build | Lumber Camp |
| 25:38 | Research | Forging |
| 25:39 | Research | Scale Barding Armor |
| 25:40 | Research | Fletching |
| 25:45 | Build | House |
| 25:46 | Build | House |
| 25:47 | Build | House |
| 26:06 | Create | Scorpion |
| 26:11 | Create | Scorpion |
| 26:26 | Create | Villager (Male) |
| 26:28 | Create | Villager (Male) |
| 26:30 | Create | Villager (Male) ×5 |
| 27:10 | Build | Stable |
| 27:17 | Build | Stable |
| 27:31 | Build | Siege Workshop |
| 27:35 | Create | Scorpion |
| 27:46 | Research | Imperial Age |
| 27:53 | Build | Town Center |
| 27:57 | Research | Gold Shaft Mining |
| 28:02 | Create | Villager (Male) |
| 28:22 | Build | Castle |
| 28:26 | Create | Knight |
| 28:40 | Build | House |
| 28:41 | Build | House |
| 28:43 | Build | House |
| 28:45 | Build | House |
| 28:57 | Create | Knight |
| 29:01 | Create | Knight |
| 29:10 | Build | Farm |
| 29:41 | Create | Villager (Male) ×5 |
| 29:56 | Research | Iron Casting |
| 29:57 | Research | Chain Barding Armor |
| 30:09 | Build | Mining Camp |
| 30:10 | Create | Villager (Male) ×4 |
| 30:16 | Create | Villager (Male) |
| 30:23 | Build | Farm |
| 30:24 | Build | Farm |
| 30:32 | Build | Castle |
| 30:56 | Age | Imperial Age |
| 30:57 | Create | Trebuchet (Packed) |
| 31:04 | Create | Scorpion |
| 31:11 | Create | Scorpion |
| 31:15 | Create | Villager (Male) ×5 |
| 31:22 | Create | Villager (Male) ×5 |
Build order — JOAKING
First 150 of 474 actions detected
| 0:01 | Create | Villager (Male) |
| 0:01 | Create | Villager (Male) |
| 0:02 | Create | Villager (Male) |
| 0:02 | Create | Villager (Male) |
| 0:03 | Build | House |
| 0:04 | Build | House |
| 0:10 | Build | House |
| 0:14 | Build | House |
| 1:35 | Create | Villager (Male) |
| 1:35 | Create | Villager (Male) |
| 2:04 | Create | Villager (Male) |
| 2:05 | Create | Villager (Male) |
| 2:33 | Create | Villager (Male) |
| 2:33 | Create | Villager (Male) |
| 3:16 | Create | Villager (Male) |
| 3:16 | Create | Villager (Male) |
| 3:53 | Create | Villager (Male) |
| 3:53 | Create | Villager (Male) |
| 3:53 | Create | Villager (Male) |
| 3:53 | Create | Villager (Male) |
| 4:13 | Build | Lumber Camp |
| 4:34 | Create | Villager (Male) |
| 4:34 | Create | Villager (Male) |
| 4:34 | Create | Villager (Male) |
| 5:21 | Build | House |
| 5:39 | Create | Villager (Male) |
| 5:39 | Create | Villager (Male) |
| 5:39 | Create | Villager (Male) |
| 5:52 | Create | Villager (Male) |
| 5:58 | Build | Mill |
| 6:20 | Build | House |
| 7:09 | Research | Feudal Age |
| 7:26 | Build | House |
| 7:27 | Build | House |
| 8:58 | Create | Villager (Male) |
| 8:58 | Create | Villager (Male) |
| 8:59 | Create | Villager (Male) |
| 8:59 | Create | Villager (Male) |
| 9:23 | Age | Feudal Age |
| 9:34 | Create | Villager (Male) |
| 10:00 | Create | Villager (Male) |
| 10:20 | Build | Market |
| 10:25 | Build | Blacksmith |
| 10:40 | Create | Villager (Male) |
| 10:43 | Build | Farm |
| 10:44 | Build | Farm |
| 10:50 | Build | House |
| 11:01 | Research | Double-Bit Axe |
| 11:04 | Create | Villager (Male) |
| 12:01 | Build | Farm |
| 12:24 | Create | Villager (Male) |
| 12:26 | Build | Farm |
| 12:31 | Build | Farm |
| 12:32 | Build | Farm |
| 12:50 | Build | Farm |
| 12:58 | Build | Farm |
| 13:21 | Research | Castle Age |
| 13:42 | Research | Horse Collar |
| 14:00 | Create | Villager (Male) |
| 14:02 | Create | Villager (Male) |
| 15:01 | Build | Farm |
| 15:04 | Build | Farm |
| 15:10 | Build | Farm |
| 15:20 | Create | Villager (Male) |
| 15:45 | Build | Farm |
| 16:01 | Age | Castle Age |
| 16:07 | Build | Mining Camp |
| 16:10 | Create | Villager (Male) |
| 16:10 | Create | Villager (Male) |
| 16:15 | Research | Bow Saw |
| 16:18 | Research | Heavy Plow |
| 16:34 | Build | Monastery |
| 16:54 | Research | Stone Mining |
| 17:07 | Build | House |
| 17:07 | Build | House |
| 17:08 | Build | House |
| 17:08 | Build | House |
| 17:09 | Build | House |
| 17:09 | Build | House |
| 17:09 | Build | House |
| 17:09 | Build | House |
| 17:10 | Build | House |
| 17:10 | Build | House |
| 17:10 | Build | House |
| 17:10 | Build | House |
| 17:28 | Create | Villager (Male) |
| 17:44 | Build | Mining Camp |
| 17:49 | Create | Villager (Male) |
| 18:14 | Build | House |
| 18:14 | Build | House |
| 18:15 | Build | House |
| 18:15 | Build | House |
| 18:15 | Build | House |
| 18:21 | Create | Villager (Male) |
| 18:53 | Create | Monk |
| 19:06 | Create | Villager (Male) |
| 19:06 | Create | Villager (Male) |
| 19:20 | Build | Town Center |
| 19:30 | Research | Stone Shaft Mining |
| 19:42 | Create | Villager (Male) |
| 19:44 | Research | Wheelbarrow |
| 20:02 | Create | Villager (Male) |
| 20:08 | Build | Farm |
| 20:08 | Build | Farm |
| 20:08 | Build | Farm |
| 20:21 | Create | Villager (Male) |
| 20:28 | Build | Farm |
| 20:30 | Create | Villager (Male) |
| 20:31 | Create | Villager (Male) |
| 20:31 | Create | Villager (Male) |
| 20:35 | Create | Villager (Male) |
| 20:40 | Build | Farm |
| 20:43 | Build | Farm |
| 20:53 | Build | Farm |
| 20:55 | Create | Villager (Male) |
| 20:56 | Create | Villager (Male) |
| 21:04 | Create | Monk |
| 21:09 | Create | Villager (Male) |
| 21:16 | Create | Villager (Male) |
| 21:17 | Create | Villager (Male) |
| 21:32 | Build | Castle |
| 21:41 | Create | Villager (Male) |
| 21:57 | Build | Siege Workshop |
| 22:04 | Create | Villager (Male) |
| 22:05 | Create | Villager (Male) |
| 22:06 | Research | Loom |
| 22:36 | Research | Fletching |
| 22:38 | Research | Padded Archer Armor |
| 22:53 | Build | University |
| 23:28 | Create | Genoese Crossbowman |
| 23:28 | Create | Genoese Crossbowman |
| 23:44 | Create | Villager (Male) |
| 23:45 | Create | Villager (Male) |
| 23:46 | Create | Villager (Male) |
| 24:03 | Create | Genoese Crossbowman |
| 24:16 | Build | Town Center |
| 24:21 | Research | Ballistics |
| 24:25 | Build | House |
| 24:25 | Build | House |
| 24:25 | Build | House |
| 24:26 | Build | House |
| 24:26 | Build | House |
| 24:26 | Build | House |
| 24:26 | Build | House |
| 24:27 | Build | House |
| 24:27 | Build | House |
| 24:53 | Create | Genoese Crossbowman |
| 24:54 | Create | Genoese Crossbowman |
| 25:08 | Create | Villager (Male) |
| 25:08 | Create | Villager (Male) |
Match timeline
| 9:10 | CAPITÁN PERRO · age_up feudal |
| 9:23 | JOAKING · age_up feudal |
| 10:09 | CryAndDie · first_building Barracks |
| 11:57 | mat.2bk · age_up feudal |
| 12:00 | CryAndDie · age_up feudal |
| 12:03 | CryAndDie · first_building Archery Range |
| 12:08 | CryAndDie · first_building Stable |
| 15:41 | mat.2bk · age_up castle |
| 15:55 | CryAndDie · age_up castle |
| 16:01 | JOAKING · age_up castle |
| 16:34 | JOAKING · first_building Monastery |
| 17:28 | CAPITÁN PERRO · first_building Stable |
| 18:02 | JOAKING · first_market_sell 100 food |
| 18:52 | CAPITÁN PERRO · age_up castle |
| 19:17 | mat.2bk · first_building Siege Workshop |
| 20:05 | mat.2bk · first_building Castle |
| 20:33 | CAPITÁN PERRO · first_building Monastery |
| 21:27 | CryAndDie · first_building Monastery |
| 21:32 | JOAKING · first_building Castle |
| 21:57 | JOAKING · first_building Siege Workshop |
| 24:06 | mat.2bk · first_building Barracks |
| 24:43 | CryAndDie · first_building Castle |
| 27:10 | mat.2bk · first_building Stable |
| 27:13 | JOAKING · wall_segment Stone Wall x2 |
| 27:44 | CAPITÁN PERRO · first_market_buy 100 stone |
| 27:50 | CryAndDie · first_building Siege Workshop |
| 27:56 | JOAKING · first_market_buy 100 food |
| 28:51 | JOAKING · wall_segment Stone Wall x2 |
| 29:10 | JOAKING · first_building Barracks |
| 29:24 | CAPITÁN PERRO · first_building Castle |
| 30:26 | CryAndDie · age_up imperial |
| 30:49 | CAPITÁN PERRO · first_building Siege Workshop |
| 30:56 | mat.2bk · age_up imperial |
| 31:41 | JOAKING · age_up imperial |
| 32:07 | CAPITÁN PERRO · first_building Barracks |
| 32:52 | JOAKING · first_building Archery Range |
| 33:16 | mat.2bk · first_building Archery Range |
| 33:46 | CAPITÁN PERRO · age_up imperial |
| 47:08 | mat.2bk · first_market_sell 100 food |
| 48:29 | JOAKING · resign |
[ AI ANALYSIS · 1 CREDIT ]
What really happened in this match?
Wolo.gg analyzes every decision: build order, eco, micro, common mistakes by bracket. Personalized analysis on WhatsApp or Discord in 30 seconds.
Civ guide
Burgundians
Map guide
Arena
Perfil
CryAndDie